 BcadrenCrawl: Boulder Brew version 0.05.32 (webtiles) character file.

Game seed: 14258810789780683592, levelgen mode: deterministic

166482 diana the Brawler (level 17, -12/126 HPs) Oozomorph Monk. Began on Oct 3, 2021. Was the Champion of Okawaru. Blown up by an orb spider (46 damage) ... with a huge icy sphere ... on level 4 of the Spider Nest. The game lasted 01:17:29 (28003 turns).

diana the Brawler (Oozomorph Monk)                 Turns: 28003, Time: 01:17:30

Health: -12/126    AC: 41    Str: 42    XL:     17 ^: 52144
Magic:  22/22      EV: 15    Int:  9    God:    Okawaru [6* [200]]
Gold:   1844       SH:  5    Dex: 36    Spells: 16/16 levels left

rFire    . . .     Vision   .     - Unarmed
rCold    . . .     Gourm    .     - Unarmed
rNeg     + . .     Faith    .   w - quicksilver dragon scales
rCorr    + + +     Spirit   .   I - +7 chain mail of the Snake Pit {Str+6}
rPois    .         Reflect  +   a - -2 cloak of the Midnight Sun {rN+ Str+9 Int-2 Stlth-}
rElec    .         Harm     .   H - +1 ring mail of a Billion Moons {Str+4 Dex+4 Slay+2}
MR       +++..                  p - +9 mithril axe "Arga" {speed, MR+}
Stlth    ++++......             r - amulet of reflection
HPRegen  0.52/turn              M - ring of strength
MPRegen  0.32/turn              C - ring of slaying

@: studying Ice Magic
A: camouflage 1, DEX +16, cytoplasmic subsumption, amorphous body, gelatinous
body 1
a: Subsume Item, Eject Item, Heroism, Finesse, Renounce Religion


You were on level 4 of the Spider Nest.
You worshipped Okawaru.
Okawaru was exalted by your worship.
You were not hungry.

You visited 5 branches of the dungeon, and saw 21 of its levels.
You also visited: Ice Cave.

You collected 2500 gold pieces.
You spent 656 gold pieces at shops.

Inventory:

Weapons
 p - the +9 mithril axe "Arga" (subsumed) {speed, MR+}
   (Okawaru gifted it to you in the Ecumenical Temple)

   Attacks with this weapon are significantly faster.
   While subsumed, the hasty enchantment instead improves your reflexes (EV +
   5).
   It affects your resistance to hostile enchantments.
 N - the cursed +6 quarterstaff of Virtue {crush, rF+ rC+ Int-3 Dex+3, (Curse: MR-)}
   (You found it on level 4 of the Lair of Beasts)

   It inflicts extra damage upon your enemies.
   While subsumed, the damaging enchantment instead protects you from damage (AC
   + 5).
   It affects your intelligence (-3).
   It affects your dexterity (+3).
   It protects you from fire.
   It protects you from cold.
   It has a curse placed upon it.
   { (Curse: MR-)}
Armour
 a - the -2 cloak of the Midnight Sun (worn) {rN+ Str+9 Int-2 Stlth-}
   (You found it on level 5 of the Dungeon)

   It affects your strength (+9).
   It affects your intelligence (-2).
   It protects you from negative energy.
   It makes you less stealthy.
 k - the +2 hat of Exclusion {MR+ Int+6 Dex-2}
   (Okawaru gifted it to you on level 6 of the Lair of Beasts)

   It affects your intelligence (+6).
   It affects your dexterity (-2).
   It affects your resistance to hostile enchantments.
 w - quicksilver dragon scales (worn)
 z - a scarf of resistance
 H - the +1 ring mail of a Billion Moons (worn) {Str+4 Dex+4 Slay+2}
   (You found it on level 2 of the Lair of Beasts)

   It affects your strength (+4).
   It affects your dexterity (+4).
   It affects your accuracy and damage with ranged weapons and melee attacks
   (+2).
 I - the +7 chain mail of the Snake Pit (worn) {Str+6}
   (You found it on level 3 of the Lair of Beasts)

   It affects your strength (+6).
 L - the +2 crystal plate of the Okapi {Slay+3}
   (Okawaru gifted it to you on level 8 of the Dungeon)

   It affects your accuracy and damage with ranged weapons and melee attacks
   (+3).
Jewellery
 c - an uncursed amulet of faith
 o - an uncursed ring of positive energy
 r - an amulet of reflection (around neck)
 s - an uncursed ring of dexterity
 x - an uncursed ring of evasion
 C - a ring of slaying (right hand)
 M - a ring of strength (left hand)
 T - an uncursed ring of strength
 V - an uncursed ring of dexterity
 W - an uncursed ring of evasion
Wands
 f - a wand of polymorph (32)
 m - a wand of iceblast (32)
 q - a wand of enslavement (10)
 u - a wand of random effects (37)
 y - a wand of hasting (3)
 B - a wand of ensnaring (9)
 E - a wand of disintegration (12)
 F - a wand of clouds (6)
 O - a wand of scattershot (3)
 Z - a wand of acid (3)
Scrolls
 e - 6 scrolls of magic mapping
 g - 5 scrolls of enchantment
 h - 2 scrolls of acquirement
 i - 3 scrolls of fog
 l - 15 scrolls of teleportation
 t - 2 scrolls of summoning
 K - a scroll of blinking
Potions
 d - a potion of cure mutation
 j - a potion of haste
 n - 22 potions of curing
 v - 2 potions of might
 D - 3 potions of ambrosia
 G - 3 potions of invisibility
 J - a potion of resistance
 P - a potion of magic
 R - 3 potions of berserk rage
 S - a potion of agility
 U - a potion of cancellation
 X - a potion of amnesia
 Y - 3 potions of brilliance
Comestibles
 b - 52 rations


   Skills:
 + Level 14.4 Fighting
 - Level 12.0 Armour
 - Level 12.0 Dodging
 - Level 2.4 Stealth
 + Level 19.0 Unarmed Combat
 + Level 8.7 Ice Magic
 - Level 7.0 Invocations


You had 16 spell levels left.
You didn't know any spells.
Your spell library contained the following spells:

 Spells                   Type           Power        Failure   Level  Hunger
 Ensorcelled Hibernation Hex/Ice 7 (50) 52% 2 80-120 Confusing Touch Hex 0 (50) 94% 1 40-60 Flame Tongue Fire 0 (30) 94% 1 40-60 Foxfire Fire 0 (25) 94% 1 40-60 Magic Candle Hex/Fire 0 (90) 94% 1 40-60 Poisonous Vapours Pois/Air 0 (50) 94% 1 40-60 Sandblast Erth 0 (50) 94% 1 40-60 Summon Butterflies Summ 0 (100) 94% 1 40-60 Summon Small Mammal Summ 0 (25) 94% 1 40-60 Blink Tloc N/A 98% 2 80-120 Passwall Tmut/Erth 0 (120) 98% 2 80-120 Searing Ray Fire 0 (50) 98% 2 80-120 Shroud of Golubria Chrm/Tloc 0 (200) 98% 2 80-120 Song of Slaying Chrm 0 (100) 98% 2 80-120 Sting Pois 0 (25) 98% 2 80-120 Swiftness Chrm/Air 0 (100) 98% 2 80-120 Summon Ice Beast Ice/Summ 7 (100) 99% 4 200-300 Blinding Spray Hex/Pois 0 (50) 100% 3 120-180 Call Canine Familiar Summ 0 (100) 100% 3 120-180 Confuse Hex 0 (100) 100% 3 120-180 Conjure Flame Fire 0 (100) 100% 3 120-180 Ignite Poison Fire/Tmut 0 (100) 100% 3 120-180 Inner Flame Hex/Fire 0 (100) 100% 3 120-180 Mephitic Cloud Pois/Air 0 (100) 100% 3 120-180 Regeneration Chrm/Necr 0 (200) 100% 3 120-180 Static Discharge Air 0 (100) 100% 3 120-180 Stone Arrow Erth 0 (50) 100% 3 120-180 Teleport Other Hex/Tloc 0 (100) 100% 3 120-180 Tukima's Dance Hex 0 (100) 100% 3 120-180 Force Lance Tloc/Air 0 (200) 100% 4 200-300 Force Lasso Tloc/Erth 0 (200) 100% 4 200-300 Fulminant Prism Hex 0 (200) 100% 4 200-300 Leda's Liquefaction Tmut/Erth 0 (200) 100% 4 200-300 Olgreb's Toxic Radiance Pois 0 (100) 100% 4 200-300 Passage of Golubria Tloc N/A 100% 4 200-300 Petrify Tmut/Erth 0 (100) 100% 4 200-300 Sticky Flame Fire/Pois 0 (100) 100% 4 200-300 Bolt of Magma Fire/Erth 0 (200) 100% 5 320-480 Fireball Fire 0 (200) 100% 5 320-480 Iskenderun's Battlesphe Chrm/Erth 0 (100) 100% 5 320-480 Lee's Rapid Deconstruct Erth 0 (200) 100% 5 320-480 Methodical Deconstructi Erth 0 (200) 100% 5 320-480 Silence Hex/Air 0 (200) 100% 5 320-480 Summon Lightning Spire Summ/Air 0 (100) 100% 5 320-480 Summon Mana Viper Summ/Pois 0 (100) 100% 5 320-480 Summon Spider Mount Summ/Pois 0 (200) 100% 5 320-480 Conjure Ball Lightning Air 0 (200) 100% 6 440-660 Darkness Hex 0 (200) 100% 6 440-660 Deflect Missiles Chrm/Air 0 (200) 100% 6 440-660 Invisibility Chrm 0 (100) 100% 6 440-660 Iron Shot Erth 0 (200) 100% 6 440-660 Statue Form Tmut/Erth 0 (150) 100% 6 440-660 Tunneling Erth 0 (200) 100% 6 440-660 Shatter Erth 0 (200) 100% 9 800-1200 Tornado Air            0 (200)      100%        9    800-1200


Dungeon Overview and Level Annotations

Branches:
Dungeon (8/8)              Temple (1/1) D:4            Lair (6/6) D:5
 Shoals (0/4) Lair:3       Spider (4/4) Lair:3        Slime (0/5) Lair:5
    Orc (2/2) D:6             Elf (0/3) Orc:2        Vaults (0/5) D:7
 Depths (0/5) D:8           IceCv (visited)

Altars:
Ashenzari
Cheibriados
Dithmenos
Elyvilon
Fedhas Madash
Gozag Ym Sagoz
Hepliaklqana
Kikubaaqudgha
Makhleb
Nemelex Xobeh
Okawaru
Qazlal
Ru
Sif Muna
Trog
Uskayaw
Vehumet
Wu Jian
Xom
Yredelemnul
Zin
The Shining One
Beogh
Jiyva

Shops:
D:2 }(}   Orc:2 %%:?

Portals:
Trove: D:6 (give 2 potions of cure mutation)

Annotations:
Lair:1 1 runed translucent door, t4s4d4r's ghost, journeyman OoEE


Innate Abilities, Weirdness & Mutations

You may subsume any weapon, armour, or jewellery into your cytoplasm to benefit from its magical properties.
Your body is completely amorphous, allowing you to wear any combination of armour.
You have seven amorphous slots; replacing the normal gear slots.
Body armours and bardings take two slots, all other armours take one.
Your gelatinous form is immune to acid, constriction and sticky flames. (rCorr+, Slime)
Your skin changes colour to match your surroundings (Stealth++).
You are extremely agile. (DEX +16)


Message History

The orb spider spins a strand of pure energy.
As you read the scroll of fear, it crumbles to dust.
You assume a fearsome visage.
The redback looks frightened!
The ball of snow and ice is unaffected.
The orb spider looks frightened!
The orb spider resists with some effort.
The orb spider looks frightened! x2; The icy sphere hits the redback (61)!!!
The redback is blown up!
The orb spider pulsates with a strange energy.
The orb spider weaves a web with icy snow.
A ball of snow and ice comes into view.
The orb spider seems to regain its courage.
The ball of snow and ice bounces off an invisible shield around you!
You see here a redback corpse.
The orb spider begins to weave its threads into a brightly glowing ball.
The orb spider weaves a web with icy snow.
A ball of snow and ice comes into view.
The orb spider begins to weave its threads into a brightly glowing ball.
There is a stone staircase leading up here.
The huge icy sphere hits you (46)!!!
You die...

.. #...#..^....s..††
...##..#††..°.......
........s≈^^*......
......s.######^.^.^
...##○..# ######
..##○...####
#.○......#
##☼.....^.# #
#@☼...#####.#
#...........#
#...#........
#####..^.....
#....^##....#
#..†...#.....
#.<....##^.#.
##.......##.#
#..###....##


You could see 2 orb spiders.

Vanquished Creatures
  Arachne (Spider:3)
  Agnes (D:7)
  2 fire giants
  3 orc warlords (Orc:2)
  3 ghost moths
  An entropy weaver (Spider:1)
  A spark wasp (Spider:3)
  2 chaos butterflies
  2 fire dragons (D:8)
  2 emperor scorpions
  2 mummy priests (Lair:2)
  4 sphinx moths
  9 boulder beetles
  A lorocyproca (Orc:2)
  3 catoblepae (Lair:6)
  Urug (Lair:2)
  5 ogre magi
  5 orc high priests (Orc:2)
  A swooping magpie (Lair:5)
  An ettin (D:6)
  2 unseen horrors
  A vault guard (D:7)
  A fire crab (shapeshifter) (D:8)
  A yaktaur captain (D:8)
  A skeletal warrior (D:6)
  6 two-headed ogres
  A lindwurm (Lair:1)
  5 hydras
  4 centaur warriors
  A tengu warrior (D:7)
  2 wizards
  9 orc knights
  A harpy (D:8)
  Pikel (D:4)
  A deep elf mage (D:8)
  A necromancer (IceCv)
  4 manticores
  14 death yaks
  A torpor snail (Spider:3)
  7 orb spiders
  A rock worm (D:5)
  An oklob plant (Lair:1)
  7 orc sorcerers
  22 giraffes
  Maurice (D:5)
  3 black mambas
  Joseph (D:4)
  3 gargoyles
  An ice statue (IceCv)
  6 ugly things
  11 trolls
  12 freezing wraiths
  9 spiny frogs
  5 elephants
  2 ice devils (Lair:5)
  3 rime drakes
  3 meliai (Spider:3)
  A rime drake (shapeshifter) (D:6)
  Psyche (D:4)
  2 efreet
  A tengu conjurer (D:6)
  30 wolf spiders
  2 yaktaurs (D:8)
  6 komodo dragons
  22 jumping spiders
  3 hornets
  16 demonic crawlers
  9 blink frogs
  2 polar bears
  2 wraiths (D:6)
  6 dream sheep (Lair:6)
  4 vampires
  4 cyclopes
  Grinder (D:3)
  7 hippogriffs
  Grum (Lair:1)
  A spriggan (D:4)
  29 yaks
  4 war dogs (Lair:1)
  Menkaure (D:3)
  3 steam dragons
  3 basilisks
  A hungry ghost (D:6)
  7 wyverns
  2 acid dragons
  59 redbacks
  3 vampire mosquitoes
  A slime creature (D:7)
  17 tarantellas
  Edmund (D:3)
  A warg (Orc:2)
  A death yak simulacrum (IceCv)
  14 water moccasins
  3 necrophages (D:5)
  56 orc warriors
  A scorpion (D:5)
  6 two-headed ogre zombies (Orc:1)
  12 porcupines
  3 sky beasts
  2 eyes of draining
  13 ice beasts
  2 black bears
  24 ogres
  17 wolves
  11 crocodiles
  5 big kobolds
  18 bullfrogs
  An elephant simulacrum (IceCv)
  2 gnoll sergeants
  6 centaurs
  2 meliai zombies (D:4)
  3 harpy skeletons (D:7)
  7 draconian simulacra (IceCv)
  3 howler monkeys
  A wight (D:6)
  9 killer bees
  3 troll simulacra (IceCv)
  3 hornet zombies
  6 electric eels
  6 hounds
  A gnoll shaman (D:4)
  34 orc priests
  11 jellies
  Crazy Yiuf (D:7)
  3 iguanas
  23 orc wizards
  A hell rat (D:5)
  9 worker ants
  2 wyvern skeletons
  4 naga simulacra (IceCv)
  An ogre simulacrum (IceCv)
  6 giant cockroaches
  An iron imp (D:3)
  A bullfrog zombie (D:4)
  4 bullfrog skeletons
  A shadow imp (D:4)
  14 adders
  5 centaur simulacra (IceCv)
  19 gnolls
  17 sewer rats
  12 white imps (IceCv)
  2 wolf simulacra (IceCv)
  A bullfrog simulacrum (D:6)
  8 cinder newts
  3 worms
  19 oozes
  A howler monkey zombie (D:5)
  A killer bee zombie (D:5)
  3 worker ant zombies (D:5)
  A hound skeleton (D:5)
  2 dart slugs (D:1)
  8 leopard geckos
  103 orcs
  3 bats
  A cinder newt skeleton (D:2)
  3 goblins (D:1)
  4 hobgoblins (D:1)
  14 kobolds
  3 quokkas
  4 ball pythons
  A ball python skeleton (D:2)
  A bat skeleton (D:2)
  A leopard gecko skeleton (D:5)
  A quokka skeleton (D:5)
  7 rats (D:1)
  A butterfly (D:5)
  A plant (Lair:2)
  A slave (D:4)
  4 withered plants (D:2)
1070 creatures vanquished.

Vanquished Creatures (others)
  Fannar (D:5)
  A redback (Spider:4)
  A giant cockroach (D:2)
  A sewer rat (D:2)
  An orc (Orc:2)
  8 fungi
  7 giant blowflies (D:5)
  9 plants
  A slimehead (D:2)
  145 withered plants (D:2)
175 creatures vanquished.

Grand Total: 1245 creatures vanquished

Notes
Turn   | Place    | Note
-------+----------+-------------------------------------------
     0 | D:1      | diana the Oozomorph Monk began the quest for the Orb.
     0 | D:1      | Reached XP level 1. HP: 16/16 MP: 1/1
    37 | D:1      | Reached XP level 2. HP: 21/21 MP: 2/2
    78 | D:1      | Reached skill level 1 in Armour
   108 | D:1      | Reached XP level 3. HP: 27/27 MP: 3/3
   260 | D:1      | Reached XP level 4. HP: 30/33 MP: 4/4
   700 | D:2      | Found Vueck's Weapon Shop.
   784 | D:2      | Reached XP level 5. HP: 36/38 MP: 5/5
   858 | D:2      | Identified a scroll of acquirement
   993 | D:1      | Reached skill level 4 in Unarmed Combat
  1361 | D:2      | HP: 1/38 [big kobold/cursed +6 short sword of holy wrath
                  | {(Curse: Fragile)} (9)]
  1369 | D:1      | HP: 1/38 [big kobold/cursed +6 short sword of holy wrath
                  | {(Curse: Fragile)} (2)]
  1582 | D:2      | Reached XP level 6. HP: 25/44 MP: 6/6
  1743 | D:2      | Found Bevadad's Gadget Shop.
  1895 | D:2      | Reached skill level 5 in Fighting
  1964 | D:2      | Found a shattered altar of Ashenzari.
  2031 | D:2      | Found Zeoreusch's Gadget Shop.
  2451 | D:2      | Reached XP level 7. HP: 17/50 MP: 7/7
  3135 | D:3      | Noticed Edmund
  3159 | D:3      | Killed Edmund
  3159 | D:3      | Reached skill level 5 in Unarmed Combat
  3316 | D:3      | Noticed Grinder
  3377 | D:3      | Killed Grinder
  3492 | D:3      | Found a stormy altar of Qazlal.
  3494 | D:3      | Found a shadowy altar of Dithmenos.
  3497 | D:3      | Found a transporter.
  3520 | D:3      | Found a burning altar of Makhleb.
  3524 | D:3      | Identified the cursed amulet of Wishful Thinking {Faith
                  | rElec rPois Int-3 Dex+4, (Curse: Fragile)}
  3655 | D:3      | Noticed Menkaure
  3663 | D:3      | Killed Menkaure
  3663 | D:3      | Reached XP level 8. HP: 15/57 MP: 8/8
  3867 | D:3      | Identified the cursed ring "Osaemat" {Wiz rPois Dex+5,
                  | (Curse: Fragile)}
  4092 | D:3      | Found a transporter.
  4662 | D:4      | Reached skill level 6 in Unarmed Combat
  4677 | D:4      | Found a staircase to the Ecumenical Temple.
  4690 | Temple   | Entered the Ecumenical Temple
  4854 | Temple   | Became a worshipper of Warmaster Okawaru
  4854 | Temple   | Reached * piety under Okawaru
  4854 | Temple   | Received a gift from Okawaru
  4854 | Temple   | Reached ** piety under Okawaru
  4855 | Temple   | Found the +9 mithril axe "Arga" {speed, MR+}
  4904 | D:4      | Reached skill level 5 in Dodging
  5081 | D:4      | Noticed Pikel
  5105 | D:4      | Killed Pikel
  5105 | D:4      | Reached skill level 5 in Armour
  5105 | D:4      | Reached skill level 7 in Unarmed Combat
  5179 | D:4      | Reached skill level 1 in Invocations
  5179 | D:4      | Reached XP level 9. HP: 62/62 MP: 9/9
  5222 | D:4      | Noticed Psyche
  5307 | D:4      | Killed Psyche
  5307 | D:4      | Received a gift from Okawaru
  5307 | D:4      | Reached *** piety under Okawaru
  5374 | D:4      | Reached skill level 8 in Unarmed Combat
  6047 | D:5      | Entered Level 5 of the Dungeon
  6049 | D:5      | Identified the -2 cloak of the Midnight Sun {rN+ Str+9
                  | Int-2 Stlth-}
  6067 | D:5      | Reached skill level 5 in Invocations
  6075 | D:5      | Reached skill level 9 in Unarmed Combat
  6157 | D:5      | Reached **** piety under Okawaru
  6406 | D:5      | Reached skill level 10 in Unarmed Combat
  6406 | D:5      | Reached XP level 10. HP: 66/68 MP: 13/13
  6482 | D:5      | Reached skill level 11 in Unarmed Combat
  6486 | D:5      | Reached ***** piety under Okawaru
  6625 | D:5      | Noticed a rock worm
  6639 | D:5      | Killed a rock worm
  6639 | D:5      | Received a gift from Okawaru
  6639 | D:5      | Reached skill level 12 in Unarmed Combat
  6682 | D:5      | Identified the +8 long sword of Quantum Leap {slice,
                  | *Contam Str+2 Int-3 Dex+5}
  6705 | D:5      | Noticed a death yak
  6707 | D:5      | Noticed a death yak
  6708 | D:5      | Noticed Joseph
  6729 | D:4      | Killed a death yak
  6941 | D:5      | Noticed Maurice
  6946 | D:5      | Killed Maurice
  6950 | D:5      | Reached skill level 13 in Unarmed Combat
  6954 | D:5      | Reached XP level 11. HP: 72/72 MP: 14/14
  7005 | D:5      | Reached ****** piety under Okawaru
  7005 | D:5      | Received a gift from Okawaru
  7030 | D:5      | Identified the cursed +11 staff of Ekkann {wizard, life;
                  | rC+ MR++ Str+3, (Curse: -Vis)}
  7032 | D:5      | Identified the cursed ring "Zohai" {rF- rC+ MR- EV+5 Int+9,
                  | (Curse: Fragile)}
  7033 | D:5      | Noticed an orc knight
  7037 | D:5      | Noticed a soul eater
  7447 | D:4      | Killed Joseph
  7676 | D:5      | Noticed a centaur warrior
  7690 | D:5      | Killed a centaur warrior
  7690 | D:5      | Reached skill level 14 in Unarmed Combat
  7794 | D:5      | Killed an orc knight
  7807 | D:5      | Noticed a two-headed ogre
  7810 | D:5      | Killed a two-headed ogre
  7815 | D:5      | Received a gift from Okawaru
  7839 | D:5      | Noticed a two-headed ogre
  7854 | D:5      | Identified the +3 short sword "Dabaosir" {venom, rF+ MR+
                  | Str+4 Stlth+}
  8100 | D:5      | Noticed Fannar
  8121 | D:5      | Killed Fannar
  8268 | D:5      | Reached skill level 15 in Unarmed Combat
  8388 | D:5      | Found a staircase to the Lair.
  9009 | D:5      | Killed a two-headed ogre
  9453 | D:6      | Noticed a skeletal warrior
  9465 | D:5      | Received a gift from Okawaru
  9475 | D:5      | Noticed a boulder beetle
  9483 | D:5      | Killed a boulder beetle
  9483 | D:5      | Reached XP level 12. HP: 64/81 MP: 16/16
  9525 | Lair:1   | Entered Level 1 of the Lair of Beasts
  9531 | Lair:1   | Noticed Grum
  9552 | Lair:1   | Killed Grum
  9915 | Lair:1   | Found a runed translucent door.
  9915 | Lair:1   | Noticed t4s4d4r's ghost (journeyman OoEE)
 10415 | Lair:1   | Received a gift from Okawaru
 10709 | Lair:2   | Identified the +1 ring mail of a Billion Moons {Str+4 Dex+4
                  | Slay+2}
 10773 | Lair:2   | Reached skill level 10 in Fighting
 11006 | Lair:2   | Noticed Urug
 11029 | Lair:2   | Killed Urug
 11147 | Lair:2   | Identified the +3 arbalest of Vofahid Jou {freeze, Int+3}
                  | (Okawaru gifted it to you on level 2 of the Lair of Beasts)
 11147 | Lair:2   | Received a gift from Okawaru
 11551 | Lair:2   | Noticed a mummy priest
 11552 | Lair:2   | Noticed a mummy priest
 11815 | Lair:2   | Killed a mummy priest
 11973 | Lair:3   | Reached XP level 13. HP: 59/92 MP: 18/18
 12349 | Lair:3   | Received a gift from Okawaru
 12627 | Lair:3   | Identified the cursed +7 chain mail of the Snake Pit
                  | {Str+6, (Curse: Slay-4)}
 12750 | Lair:3   | Found a staircase to the Shoals.
 12880 | Lair:3   | Found a hole to the Spider Nest.
 13160 | Lair:4   | Identified the +2 war axe of the People {chop, MP+9}
 13579 | Lair:4   | Reached skill level 16 in Unarmed Combat
 13672 | Lair:4   | Received a gift from Okawaru
 13725 | Lair:4   | Identified the cursed +6 quarterstaff of Virtue {crush, rF+
                  | rC+ Int-3 Dex+3, (Curse: MR-)}
 14084 | Lair:5   | Found a frozen archway.
 14099 | IceCv    | Entered an ice cave
 14174 | IceCv    | Received a gift from Okawaru
 14183 | IceCv    | Reached XP level 14. HP: 89/99 MP: 19/19
 14253 | IceCv    | Found an ancient bone altar of Kikubaaqudgha.
 14693 | Lair:5   | Found a staircase to the Slime Pits.
 14693 | Lair:5   | Found a viscous altar of Jiyva.
 15340 | Lair:5   | Gained mutation: Your skin changes colour to match your
                  | surroundings (Stealth++). [potion of mutation]
 15352 | Lair:6   | Entered Level 6 of the Lair of Beasts
 15357 | Lair:6   | Received a gift from Okawaru
 15501 | Lair:6   | Reached skill level 10 in Armour
 15895 | Lair:6   | Identified the +2 hat of Exclusion {MR+ Int+6 Dex-2}
                  | (Okawaru gifted it to you on level 6 of the Lair of Beasts)
 15895 | Lair:6   | Received a gift from Okawaru
 15895 | Lair:6   | Reached skill level 17 in Unarmed Combat
 15918 | Lair:6   | Reached skill level 10 in Dodging
 16600 | D:6      | Noticed a fire giant
 16755 | D:6      | Killed a fire giant
 16981 | D:6      | Reached XP level 15. HP: 95/103 MP: 20/20
 17050 | D:6      | Received a gift from Okawaru
 17086 | D:6      | Identified the Reference Book on the Blaze
 17114 | D:6      | Identified the +2 pair of boots "Ohuciduf" {rCorr}
 17426 | D:6      | Found a portal to a secret trove of treasure.
 17525 | D:6      | Found a staircase to the Orcish Mines.
 17860 | D:7      | Noticed Agnes
 17871 | D:7      | Killed Agnes
 17871 | D:7      | Received a gift from Okawaru
 18200 | D:7      | Identified the cursed +3 staff "Jellybane" {warp, death;
                  | +Blink rElec rPois rN+ MR-, (Curse: -Tele)}
 18208 | D:7      | Found a gate to the Vaults.
 18483 | D:7      | Found a runed translucent door.
 18484 | D:7      | Noticed Crazy Yiuf
 18600 | D:7      | Killed Crazy Yiuf
 18657 | Orc:1    | Entered Level 1 of the Orcish Mines
 19076 | Orc:2    | Entered Level 2 of the Orcish Mines
 20449 | Orc:2    | Found a roughly hewn altar of Beogh.
 20680 | Orc:2    | Received a gift from Okawaru
 20731 | Orc:2    | Found Biunic's Book Boutique.
 20749 | Orc:2    | Found Dohuppud's Magic Scroll Shop.
 20765 | Orc:2    | Bought a scroll of blinking for 120 gold pieces
 20765 | Orc:2    | Bought a scroll of bless item for 480 gold pieces
 20765 | Orc:2    | Bought a scroll of fear for 56 gold pieces
 20905 | Orc:2    | Found a roughly hewn altar of Beogh.
 21467 | Orc:2    | Reached XP level 16. HP: 105/114 MP: 21/21
 21543 | Orc:2    | Found Boxi Larodu's Food Shoppe.
 22187 | Orc:2    | Found Jotwoy's Food Boutique.
 22476 | Orc:2    | Found a staircase to the Elven Halls.
 23650 | D:8      | Entered Level 8 of the Dungeon
 23670 | D:8      | Identified the +2 crystal plate of the Okapi {Slay+3}
                  | (Okawaru gifted it to you on level 8 of the Dungeon)
 23670 | D:8      | Received a gift from Okawaru
 23767 | D:8      | Reached skill level 18 in Unarmed Combat
 24097 | D:8      | Found a staircase to the Depths.
 24721 | Spider:1 | Entered Level 1 of the Spider Nest
 24741 | Spider:1 | Reached skill level 1 in Ice Magic
 26035 | Spider:2 | Reached skill level 5 in Ice Magic
 26061 | Spider:2 | Received a gift from Okawaru
 26767 | Spider:2 | Received a gift from Okawaru
 27027 | Spider:3 | Reached XP level 17. HP: 95/124 MP: 22/22
 27098 | Spider:3 | Noticed Arachne
 27138 | Spider:3 | Killed Arachne
 27344 | Spider:3 | Received a gift from Okawaru
 27604 | Spider:3 | Reached skill level 19 in Unarmed Combat
 27888 | Spider:4 | Entered Level 4 of the Spider Nest
 28003 | Spider:4 | Blown up by an orb spider

Levels and vault maps discovered:
D:1:      ncdulo_watergridlock, layout_rooms, glass_columns_b
D:2:      layout_sewer, kennysheep_mini_moat, serial_shops, shop,
          kennysheep_little_box, nicolae_shop_window_shopping, serial_park
D:3:      layout_rooms, nicolae_overflow_crystal_walls,
          gammafunk_temple_overflow_arena, first_ration, uniq_grinder,
          uniq_menkaure, uniq_edmund
D:4:      layout_grid_maze, minmay_temple_entry_junction, the_bakery,
          uniq_pikel, uniq_psyche
D:5:      minmay_the_grid_3x3 [minmay_the_grid_tree, minmay_the_grid_armoury,
          minmay_the_grid_rooms, minmay_the_grid_slots, minmay_the_grid_expand,
          minmay_the_grid_dragon_b, minmay_the_grid_minigrid_small,
          minmay_the_grid_square_x,
          minmay_the_grid_prize_four_corners_diamond_b], layout_rooms,
          dpeg_lair_monsters, uniq_maurice, uniq_joseph, uniq_fannar
D:6:      minmay_heptahexagon, layout_long_grid,
          kennysheep_orc_monster_closet_entryway, enter_trove_1
D:7:      layout_cave_pools, david_vaults_5, serial_glass, glass_columns_b,
          glass_columns_a, uniq_crazy_yiuf_cottage, uniq_agnes
D:8:      grunt_enter_depths_giant_problem, layout_loops_ring, minivault_24,
          minmay_pinched_square
Temple:   regret_index_temple_mists
Lair:1:   lemuel_slime, layout_long_grid, ebering_ghost_funeral_grove, uniq_grum
Lair:2:   layout_loops_ring, beast_lair_carwin_3, chequers_ossuary_entry_cave,
          serial_bayou_shore_b, lemuel_fruit_fields, lemuel_fruit_fields,
          infiniplex_staircase_pool, uniq_urug
Lair:3:   layout_gridlike, shoals_dummy_entry, spider_nest_entry_webs
Lair:4:   layout_hall_layers, minmay_shattered_shrine
Lair:5:   layout_gridlike, slime_altar_1, portal_ice_cave_demonic_guard,
          lemuel_fruit_tree
Lair:6:   evilmike_catoblepas_cave, layout_loops_ring
Spider:1: layout_spider_delve, guppyfry_spider_mini_1
Spider:2: layout_spider_delve
Spider:3: layout_spider_delve, uniq_arachne
Spider:4: grunt_spider_rune_parallel, uniq_donald
Orc:1:    lemuel_ogre_cave, layout_caves
Orc:2:    pubby_orc_utopia

Skill      XL: |  1  2  3  4  5  6  7  8  9 10 11 12 13 14 15 16 17 |
---------------+----------------------------------------------------+-----
Armour         | 1 2 3 4 5 6 7 9 11 12 | 12.0
Fighting       | 4 5 6 7 10 11 13 14 | 14.4
Dodging        | 3 4 5 7 8 10 12 | 12.0
Unarmed Combat | 4 5 7 10 13 15 16 17 18 19 | 19.0
Invocations    | 1 5 6 7 |  7.0
Ice Magic      | 7 8 |  8.7
Stealth        | |  2.4

Action                   |  1- 3 |  4- 6 |  7- 9 | 10-12 | 13-15 | 16-18 || total
-------------------------+-------+-------+-------+-------+-------+-------++-------
Melee: Unarmed           |   154 |   930 |   641 |   779 |  1572 |   837 ||  4913
Invok: Heroism           |       |       |       |     5 |     9 |     2 ||    16
       Finesse           |       |       |       |     3 |     2 |     2 ||     7
 Abil: Subsume Item      |       |       |     2 |     2 |       |       ||     4
Evoke: Wand              |       |       |       |     1 |       |     4 ||     5
  Use: Scroll            |       |       |       |     2 |     4 |     3 ||     9
       Potion            |       |       |       |       |     5 |     5 ||    10
 Stab: Sleeping          |       |     4 |     4 |       |    15 |     9 ||    32
       Confused          |       |       |     4 |       |     5 |       ||     9
       Distracted        |       |       |       |       |     5 |     4 ||     9
  Eat: Chunk             |       |     6 |    15 |    14 |    32 |    19 ||    86
       Ration            |       |       |       |     1 |       |     1 ||     2
Armor: Skin              |     3 |   154 |   101 |    89 |   126 |   320 ||   793
Dodge: Dodged            |    43 |   216 |   118 |   197 |   507 |   215 ||  1296
Block: Other             |       |       |    11 |    71 |   120 |    75 ||   277
       Reflection        |       |       |       |     4 |     5 |       ||     9
